 Dungeon Crawl Stone Soup version 0.26-a0-663-g36e8fdb655 (webtiles) character file.

Game seed: 2705565703951330409

159 jasper the Insei (level 5, -4/41 HPs)
             Began as a Gnoll Transmuter on Oct 10, 2020.
             Was a Follower of Cheibriados.
             Slain by a mummy (12 damage)
             ... on level 4 of the Dungeon.
             The game lasted 00:05:05 (3237 turns).

jasper the Insei (Gnoll Transmuter)                 Turns: 3237, Time: 00:05:06

Health: -4/41      AC:  3    Str: 15    XL:     5   Next: 40%
Magic:  11/12      EV: 15    Int: 20    God:    Cheibriados [*.....]
Gold:   115        SH:  0    Dex: 18    Spells: 6/14 levels left

rFire    . . .     SeeInvis .     - Unarmed
rCold    . . .     Faith    .   (no shield)
rNeg     . . .     Spirit   .   n - +0 leather armour
rPois    .         Reflect  .   (helmet currently unavailable)
rElec    .         Harm     .   (no cloak)
rCorr    .         Rampage  .   (no gloves)
MR       .....                  (boots currently unavailable)
Stlth    ++........             (no amulet)
HPRegen  0.13/turn              (no ring)
MPRegen  0.13/turn              (no ring)

@: appendages, very slow
A: distributed training, fangs 1, horns 2, talons 2, strong nose
a: End Transformation, Bend Time, Renounce Religion


You were on level 4 of the Dungeon.
You worshipped Cheibriados.
Cheibriados was aware of your devotion.
You had grown temporary horns.
You had grown temporary talons.
You visited 1 branch of the dungeon, and saw 4 of its levels.
You also visited: Ossuary.

You collected 115 gold pieces.

Inventory:

Missiles
 d - 73 stones
 f - 10 poisoned darts (quivered)
 h - 2 javelins
Armour
 a - a +0 robe
 n - a +0 leather armour (worn)
 o - a cursed +0 buckler
 r - a cursed +0 pair of boots (melded)
Jewellery
 q - a +6 ring of intelligence {unknown}
 u - an uncursed ring of protection from cold {unknown}
 v - an uncursed amulet of guardian spirit
Scrolls
 c - 3 scrolls of identify {unknown}
 e - 4 scrolls of remove curse {unknown}
 j - a scroll of random uselessness {unknown}
 l - a scroll of blinking {unknown}
 m - a scroll of enchant weapon {unknown}
 p - a scroll of magic mapping {unknown}
 w - a scroll of teleportation {unknown}
Potions
 b - a potion of haste
 g - a potion of flight {unknown}
 i - a potion of invisibility {unknown}
 k - a potion of curing {unknown}
 s - a potion of ambrosia {unknown}
 t - a potion of heal wounds {unknown}


   Skills:
 + Level 3.0 Fighting
 + Level 1.4 Short Blades
 + Level 1.4 Long Blades
 + Level 1.4 Axes
 + Level 1.4 Maces & Flails
 + Level 1.4 Polearms
 + Level 1.4 Staves
 + Level 1.4 Slings
 + Level 1.4 Bows
 + Level 1.4 Crossbows
 + Level 1.4 Throwing
 + Level 1.4 Armour
 + Level 4.8 Dodging
 + Level 1.4 Stealth
 + Level 1.4 Shields
 + Level 6.7 Unarmed Combat
 + Level 5.2 Spellcasting
 + Level 1.1 Conjurations
 + Level 1.1 Hexes
 + Level 1.1 Summonings
 + Level 1.1 Necromancy
 + Level 1.1 Translocations
 + Level 3.9 Transmutations
 + Level 1.1 Fire Magic
 + Level 1.1 Ice Magic
 + Level 1.1 Air Magic
 + Level 1.1 Earth Magic
 + Level 1.1 Poison Magic
 + Level 1.6 Invocations
 + Level 1.4 Evocations


You had 6 spell levels left.
You knew the following spells:

 Your Spells              Type           Power        Failure   Level
a - Beastly Appendage     Tmut           ###...       2%          1
b - Spider Form           Tmut/Pois      ###.......   14%         3
c - Ice Form              Ice/Tmut       ###.....     43%         4

Your spell library contained the following spells:

 Spells                   Type           Power        Failure   Level
 Wereblood                Tmut           ###.....     4%          2
 Blade Hands              Tmut           ###.......   58%         5


Dungeon Overview and Level Annotations

Branches:
Dungeon (4/15)            Ossuary (visited)
 Temple: D:4-7

Altars:
Cheibriados
Dithmenos
Qazlal
Ru
Trog
Xom


Innate Abilities, Weirdness & Mutations

Your experience applies equally to all skills.
You have very sharp teeth.
Your uncanny sense of smell can sniff out nearby items.
You have a pair of horns on your head.
You have razor-sharp toenails.


Message History

The mummy misses you.
Your transformation is almost over.
There is a gate leading back out of this place here.
Casting: Beastly Appendage (safe; 2% risk of failure)
Confirm with . or Enter, or press ? or * to list all spells.
You extend your transformation's duration.
You now have 11/12 mp.
The orc zombie hits you. The mummy hits you!! The mummy hits you!
* * * LOW HITPOINT WARNING * * *
The orc zombie barely misses you.
You take 32 damage, and have 8/41 hp.
MASSIVE DAMAGE!!
There is a gate leading back out of this place here.
Welcome back to the Dungeon!
There is a collapsed entrance here.
You are too injured to fight recklessly!
You are too injured to fight recklessly!
You are too injured to fight recklessly!
You are too injured to fight recklessly!
You closely miss the mummy. Your headbutt misses the mummy. The mummy hits you!
You die...

#..........####....
#....<.........#
..............'#### #+
..............#...#...#
...........#.##.>.#.>.#
...........####...#...#
.............###### ###
....(........##...#...#
............>##.@.#.>.#
.....#.....#..M#...#
.....#.....'#### #+
##...#.......# ##.
###......?...#
#............
...............
..........##...
............ ...


You could see a mummy.

Vanquished Creatures
  3 gnolls (D:3)
  4 adders
  A worm (D:3)
  2 dart slugs
  2 leopard geckos (D:3)
  2 orcs (D:3)
  A bat (D:3)
  5 giant cockroaches
  7 goblins
  8 hobgoblins
  15 jackals
  4 quokkas
  A frilled lizard (D:2)
  2 gnoll zombies (Ossuary)
  2 hobgoblin zombies (Ossuary)
  10 kobolds
  A leopard gecko skeleton (D:3)
  8 rats
78 creatures vanquished.

Notes
Turn   | Place    | Note
-------+----------+-------------------------------------------
     0 | D:1      | jasper the Gnoll Transmuter began the quest for the Orb.
     0 | D:1      | Reached XP level 1. HP: 17/17 MP: 6/6
   449 | D:1      | Reached XP level 2. HP: 23/23 MP: 5/7
  1229 | D:1      | Reached XP level 3. HP: 22/28 MP: 7/9
  1426 | D:2      | Reached skill level 5 in Spellcasting
  1444 | D:2      | Learned a level 3 spell: Spider Form
  1672 | D:2      | Reached skill level 1 in Invocations
  1842 | D:2      | Reached skill level 1 in Short Blades
  1842 | D:2      | Reached skill level 1 in Long Blades
  1842 | D:2      | Reached skill level 1 in Axes
  1842 | D:2      | Reached skill level 1 in Maces & Flails
  1842 | D:2      | Reached skill level 1 in Polearms
  1842 | D:2      | Reached skill level 1 in Staves
  1842 | D:2      | Reached skill level 1 in Slings
  1842 | D:2      | Reached skill level 1 in Bows
  1842 | D:2      | Reached skill level 1 in Crossbows
  1842 | D:2      | Reached skill level 1 in Throwing
  1842 | D:2      | Reached skill level 1 in Armour
  1842 | D:2      | Reached skill level 1 in Stealth
  1842 | D:2      | Reached skill level 1 in Shields
  1842 | D:2      | Reached skill level 1 in Evocations
  1981 | D:2      | Found a shimmering altar of Xom.
  1991 | D:2      | Reached XP level 4. HP: 30/34 MP: 9/11
  2032 | D:2      | Found a sacrificial altar of Ru.
  2042 | D:2      | Found a shadowy altar of Dithmenos.
  2044 | D:2      | Found a snail-covered altar of Cheibriados.
  2045 | D:2      | Found a bloodstained altar of Trog.
  2047 | D:2      | Found a stormy altar of Qazlal.
  2098 | D:2      | Became a worshipper of Cheibriados the Contemplative
  2174 | D:2      | Noticed a bullfrog
  2430 | D:3      | Reached skill level 1 in Conjurations
  2430 | D:3      | Reached skill level 1 in Hexes
  2430 | D:3      | Reached skill level 1 in Summonings
  2430 | D:3      | Reached skill level 1 in Necromancy
  2430 | D:3      | Reached skill level 1 in Translocations
  2430 | D:3      | Reached skill level 1 in Fire Magic
  2430 | D:3      | Reached skill level 1 in Ice Magic
  2430 | D:3      | Reached skill level 1 in Air Magic
  2430 | D:3      | Reached skill level 1 in Earth Magic
  2430 | D:3      | Reached skill level 1 in Poison Magic
  2441 | D:3      | Reached * piety under Cheibriados
  2447 | D:3      | Learned a level 4 spell: Ice Form
  2465 | D:3      | Reached XP level 5. HP: 40/40 MP: 12/12
  3184 | D:4      | Found a sand-covered staircase.
  3205 | Ossuary  | Entered an ossuary
  3237 | D:4      | Slain by a mummy

Illustrated notes

Levels and vault maps discovered:
D:1:      dpeg_chamrin_arrival_tetris, layout_basic
D:2:      minmay_chambers_of_twos, layout_basic, old_standard_altar, minitemple,
          minmay_close_crescents
D:3:      layout_loops_ring
D:4:      layout_cave_pools, nicolae_ossuary_entry_false_entrances

Skill      XL: |  1  2  3  4  5 |
---------------+----------------+-----
Spellcasting   | 5 |  5.2
Invocations    | 1 |  1.6
Short Blades   | 1 |  1.4
Long Blades    | 1 |  1.4
Axes           | 1 |  1.4
Maces & Flails | 1 |  1.4
Polearms       | 1 |  1.4
Staves         | 1 |  1.4
Slings         | 1 |  1.4
Bows           | 1 |  1.4
Crossbows      | 1 |  1.4
Throwing       | 1 |  1.4
Armour         | 1 |  1.4
Stealth        | 1 |  1.4
Shields        | 1 |  1.4
Evocations     | 1 |  1.4
Conjurations   | 1 |  1.1
Hexes          | 1 |  1.1
Summonings     | 1 |  1.1
Necromancy     | 1 |  1.1
Translocations | 1 |  1.1
Fire Magic     | 1 |  1.1
Ice Magic      | 1 |  1.1
Air Magic      | 1 |  1.1
Earth Magic    | 1 |  1.1
Poison Magic   | 1 |  1.1
Fighting       | 3 |  3.0
Dodging        | |  4.8
Unarmed Combat | |  6.7
Transmutations | |  3.9

Action                   |  1- 3 |  4- 6 || total
-------------------------+-------+-------++-------
Melee: Unarmed           |    93 |   110 ||   203
       Bite              |     9 |    16 ||    25
       Punch             |     2 |     4 ||     6
       Headbutt          |    11 |    10 ||    21
       Kick              |    12 |     7 ||    19
Throw: Stone             |     3 |       ||     3
       Dart              |     2 |    32 ||    34
       Javelin           |       |     2 ||     2
 Cast: Beastly Appendage |    14 |     6 ||    20
 Stab: Sleeping          |       |     1 ||     1
Armor: Robe              |     5 |       ||     5
       Leather armour    |     5 |     8 ||    13
Dodge: Dodged            |    64 |    82 ||   146

Table legend: (Time is in decaauts)
 A = Elapsed time spent in this place.
 B = Non-inter-level travel time spent in this place.
 C = Inter-level travel time spent in this place.
 D = Time resting spent in this place.
 E = Time spent auto-exploring this place.
 F = Levels seen in this place.
 G = Mean time per level.
                   A        B        C        D        E       F      G
               +--------+--------+--------+--------+--------+-----+--------+
         Total |   3457 |   3373 |     84 |     69 |   2695 |   5 |  691.4 |
       Dungeon |   3420 |   3336 |     84 |     69 |   2695 |   4 |  855.0 |
       Ossuary |     37 |     37 |      0 |      0 |      0 |   1 |   37.0 |
               +--------+--------+--------+--------+--------+-----+--------+

Top non-repeatable levels by time:
     D:1: 1399 daAuts
     D:3: 1153 daAuts
     D:2: 802 daAuts
     D:4: 66 daAuts
 Ossuary: 37 daAuts
